 Dungeon Crawl Stone Soup version 0.27-a0-506-g2188dfaaa0 (webtiles) character file.

Game seed: 12262122587663210840

50 Morbidden the Skirmisher (level 3, -1/29 HPs)
             Began as a Demonspawn Fighter on Mar 3, 2021.
             Slain by a sky beast (6 damage)
             ... on level 2 of the Dungeon.
             The game lasted 00:01:35 (1517 turns).

Morbidden the Skirmisher (Demonspawn Fighter)       Turns: 1517, Time: 00:01:35

Health: -1/29      AC:  9    Str: 16    XL:     3   Next: 55%
Magic:  3/3        EV:  4    Int: 10    God:
Gold:   70         SH:  8    Dex: 12    Spells: 2/2 levels left

rFire    . . .     SeeInvis .   a - +0 long sword
rCold    . . .     Faith    .   c - +0 kite shield
rNeg     . . .     Spirit   .   g - +0 chain mail
rPois    .         Reflect  .   (no helmet)
rElec    .         Harm     .   (no cloak)
rCorr    .         Rampage  .   (no gloves)
Will     .....                  (no boots)
Stlth    ..........             (no amulet)
HPRegen  0.09/turn              (no ring)
MPRegen  0.08/turn              (no ring)

@: no status effects
A: talons 1
a: no special abilities


You were on level 2 of the Dungeon.
You visited 1 branch of the dungeon, and saw 2 of its levels.

You collected 70 gold pieces.

Inventory:

Hand Weapons
 a - a +0 long sword (weapon)
Missiles
 b - 11 poisoned darts (quivered)
Armour
 c - a +0 kite shield (worn)
 g - a +0 chain mail (worn)
Scrolls
 f - a scroll of enchant armour {unknown}
 h - 2 scrolls of identify {unknown}
 i - a scroll of magic mapping {unknown}
Potions
 d - a potion of might
 e - a potion of heal wounds


   Skills:
 * Level 3.4 Fighting
 * Level 2.4 Long Blades
 + Level 3.0 Armour
 * Level 0.4 Dodging
 + Level 3.0 Shields


You had 2 spell levels left.
You didn't know any spells.
Your spell library was empty.

Dungeon Overview and Level Annotations

Branches:
Dungeon (2/15)

Altars:


Innate Abilities, Weirdness & Mutations

You have sharp toenails.


Message History

You hit the kobold.
You kill the kobold!
A kobold comes into view. It is wielding a +0 short sword.
Something hits you but does no damage.
The kobold moves out of view.
The kobold shouts!
Things that are here:
2 stones; a kobold corpse You closely miss something.
An adder comes into view.
You block something's attack. Something hits you. Something shocks you.
You block the kobold's attack.
A sky beast appears from thin air!
Reactivating autopickup.
The sky beast flickers out of sight!
Deactivating autopickup; reactivate with Ctrl-A.
A sky beast appears from thin air!
Reactivating autopickup.
You barely miss the sky beast. Your kick misses the sky beast.
The sky beast is severely wounded.
You block the sky beast's attack.
The sky beast flickers out of sight!
Deactivating autopickup; reactivate with Ctrl-A.
Something hits you. Something shocks you.
* * * LOW HITPOINT WARNING * * *
You closely miss something. You block something's attack.
You barely miss something. You block something's attack.
Something hits you but does no damage.
Unknown command.
You see here a scroll labelled CEHAN VAIR.
A sky beast appears from thin air!
Reactivating autopickup.
Okay, then.
You closely miss the sky beast.
The sky beast is severely wounded.
You block the sky beast's attack.
You slash the sky beast!
The sky beast is almost dead.
The sky beast hits you.
* * * LOW HITPOINT WARNING * * *
The sky beast shocks you.
You die...

#.# ##.####.#####...#
#. #.# ### #....)....#
#. #.. #######...#
#.### ### ##.## .....
#.# ....# #.# #.#
#.#.######## #.# #)#
.....(.....##########.#
#.#
#.#.####[....SKY@††.#.#
#.# ..K.#
#.#.########.#.# #.#
#.### #.#.# #.#.# #.#
#.######K#.# #.##.#.#
#.# #.≈.SK.S$#.#
#.....########.#
##########.#
#.##............# #.#
#. ############## #.# #


You could see a sky beast, an adder and a kobold.

Vanquished Creatures
  2 worms (D:2)
  4 leopard geckos (D:1)
  3 bats (D:1)
  3 giant cockroaches
  7 goblins
  5 hobgoblins
  2 jackals (D:2)
  5 frilled lizards
  4 kobolds
  3 rats
38 creatures vanquished.

Notes
Turn   | Place    | Note
-------+----------+-------------------------------------------
     0 | D:1      | Morbidden the Demonspawn Fighter began the quest for the
                  | Orb.
     0 | D:1      | Reached XP level 1. HP: 18/18 MP: 1/1
   238 | D:1      | Gained mutation: You have sharp toenails. [demonic
                  | ancestry]
   238 | D:1      | Reached XP level 2. HP: 22/24 MP: 2/2
  1132 | D:2      | Reached XP level 3. HP: 29/29 MP: 3/3
  1454 | D:2      | Noticed a sky beast
  1517 | D:2      | Slain by a sky beast

Illustrated notes

Levels and vault maps discovered:
D:1:      scummos_arrival_checkerplants, layout_loops_ring,
          grunt_decor_resistance
D:2:      layout_loops_ring

Skill      XL: |  1  2  3 |
---------------+----------+-----
Long Blades    | 2 |  2.4
Shields        | 3 |  3.0
Armour         | 3 |  3.0
Fighting       | |  3.4
Dodging        | |  0.4

Action                   || total
-------------------------++-------
Melee: Long sword        ||    95
       Kick              ||    22
  Use: Potion            ||     1
Armor: Scale mail        ||    15
       Chain mail        ||    28
Dodge: Dodged            ||    18
Block: Kite shield       ||    55
       Rpst.: Long sword ||     6

Table legend: (Time is in decaauts)
 A = Elapsed time spent in this place.
 B = Non-inter-level travel time spent in this place.
 C = Inter-level travel time spent in this place.
 D = Time resting spent in this place.
 E = Time spent auto-exploring this place.
 F = Levels seen in this place.
 G = Mean time per level.
                   A        B        C        D        E       F      G
               +--------+--------+--------+--------+--------+-----+--------+
         Total |   1567 |   1529 |     38 |      0 |   1212 |   2 |  783.5 |
       Dungeon |   1567 |   1529 |     38 |      0 |   1212 |   2 |  783.5 |
               +--------+--------+--------+--------+--------+-----+--------+

Top non-repeatable levels by time:
     D:1: 1151 daAuts
     D:2: 415 daAuts
